 Dungeon Crawl Stone Soup version 0.31.0-11-ge490571c62 (webtiles) character file.

Game seed: 17992804005015824874

142 Daunt the Trooper (level 4, -17/41 HPs)
             Began as a Demigod Shapeshifter on Jan 30, 2024.
             Demolished by an ogre
             ... wielding a +0 giant club
              (27 damage)
             ... on level 4 of the Dungeon.
             The game lasted 00:05:40 (2383 turns).

Daunt the Trooper (Demigod Shapeshifter)            Turns: 2383, Time: 00:05:41

Health: -17/41     AC:  2    Str: 15    XL:     4   Next: 75%
Magic:  6/6        EV: 12    Int: 12    God:
Gold:   57         SH:  0    Dex: 17    Spells: 3/3 levels left

rFire   . . .        k - +0 trident
rCold   . . .        (no shield)
rNeg    + . .        a - +0 animal skin
rPois   .            (helmet currently unavailable)
rElec   .            (cloak currently unavailable)
rCorr   .            (gloves currently unavailable)
SInv    .            (boots currently unavailable)
Will    .....        (no amulet)
Stlth   ++           m - ring of positive energy
HPRegen 0.26/turn    (no ring)
MPRegen 0.10/turn

%: no passive effects
@: beast-form
A: beast (slay +1), high MP 1, forlorn, divine attributes
a: Begin Untransformation


You were on level 4 of the Dungeon.
You were a hulking beast.
You visited 1 branch of the dungeon, and saw 4 of its levels.

You collected 127 gold pieces.
You spent 70 gold pieces at shops.

Inventory:

Hand Weapons
 k - a +0 trident (weapon)
 u - a +0 shortbow
Missiles
 f - 2 poisoned darts (quivered)
 j - 28 stones
 s - 5 javelins
Armour
 a - a +0 animal skin (worn)
 v - a +0 tower shield
Jewellery
 m - a ring of positive energy (left hand)
Talismans
 c - a beast talisman
 d - a flux talisman
Scrolls
 e - 2 scrolls of noise {unknown}
 h - a scroll of revelation {unknown}
 n - 2 scrolls of identify {unknown}
 p - a scroll of torment {unknown}
 r - a scroll of vulnerability {unknown}
 w - a scroll of immolation {unknown}
Potions
 b - a potion of lignification
 g - a potion of curing {unknown}
 i - 3 potions of attraction {unknown}
 l - a potion of degeneration {unknown}
 q - 2 potions of heal wounds
 t - a potion of brilliance {unknown}


   Skills:
 + Level 4.5 Fighting
 - Level 1.7 Dodging
 - Level 2.6 Unarmed Combat
 - Level 2.6 Shapeshifting


You had 3 spell levels left.
You didn't know any spells.
Your spell library contained the following spells:

 Spells                   Type           Power      Damage    Failure   Level
 Kiss of Death            Conj/Necr      0%         2d5       32%         1
 Summon Small Mammal      Summ           0%         N/A       32%         1
 Call Canine Familiar     Summ           0%         N/A       69%         3
 Confusing Touch          Hex            0%         N/A       69%         3
 Dispel Undead            Necr           0%         3d6       97%         4
 Summon Blazeheart Golem  Fire/Summ      0%         N/A       97%         4


Dungeon Overview and Level Annotations

Branches:
Dungeon (4/15)             Temple (0/1) D:4

Shops:
D:2 !

Annotations:
D:3 Sigmund
D:4 Grinder, Pikel


Innate Abilities, Weirdness & Mutations

You are a hulking beast.
Your limbs bulge with bestial killing power. (Slay +1)
You have an increased reservoir of magic. (+10% MP)
You shall have no god before yourself.
Your divine heritage dramatically boosts your attributes as you level up.


Message History

Aim: an ogre, wielding a +0 giant club (76% to hit, chance to blind on hit: 27%)
You throw an atropa-tipped dart. The atropa-tipped dart hits the ogre.
The ogre appears confused.
The ogre is no longer blind.
Throw: 2 darts (atropa)
Press: ? - help, Shift-Dir - straight line, f/p - ogre
Aim: an ogre, wielding a +0 giant club (75% to hit, chance to blind on hit: 27%)
You throw an atropa-tipped dart.
The atropa-tipped dart barely misses the ogre.
The ogre barely misses you.
Throw: dart (atropa)
Press: ? - help, Shift-Dir - straight line, f/p - ogre
Aim: an ogre, wielding a +0 giant club (75% to hit, chance to blind on hit: 27%)
You throw an atropa-tipped dart.
The atropa-tipped dart barely misses the ogre.
The ogre misses you.
You hit the ogre.
The ogre is lightly wounded.
The ogre misses you.
You hit the ogre.
The ogre is moderately wounded.
You hit the ogre but do no damage.
The ogre is moderately wounded.
The ogre closely misses you.
You hit the ogre.
The ogre is heavily wounded.
The ogre barely misses you.
You barely miss the ogre.
The ogre is heavily wounded.
The ogre hits you with a +0 giant club!!
Ouch! That really hurt!
* * * LOW HITPOINT WARNING * * *
You hit the ogre.
The ogre is heavily wounded.
The ogre barely misses you.
You closely miss the ogre.
The ogre is heavily wounded.
The ogre hits you with a +0 giant club!!
Ouch! That really hurt!
You die...

#.######..##.## ######
...####.#.....###...)####
.......##.[.##...##.)...#
...###..#..#..###..#..#.#
#.## #....#..#...#..#.# #
#.#######.#.#.###.#.#.#
#........#.#.#...#.#.## #
##########.#.#.>.#.#.# .#
#.#.#..h#.#.##.#
#.#.###O#.#...
..#...#(.#.#
..#..###..#..#.# .).
#...##....#
....###.(...## # ####.##
#. #.


You could see an ogre.

Vanquished Creatures
  An orc priest (D:4)
  An orc wizard (D:4)
  An adder (D:2)
  2 dart slugs
  3 ribbon worms (D:2)
  2 orcs (D:4)
  6 bats
  3 endoplasms
  3 giant cockroaches (D:2)
  3 hobgoblins
  4 jackals (D:2)
  5 kobolds
  5 quokkas
  3 ball pythons
  2 frilled lizards (D:1)
  3 goblins (D:1)
  6 rats
53 creatures vanquished.

Vanquished Creatures (others)
  An orc wizard (D:4)
1 creature vanquished.

Grand Total: 54 creatures vanquished

Notes
Turn   | Place    | Note
-------+----------+-------------------------------------------
     0 | D:1      | Daunt the Demigod Shapeshifter began the quest for the Orb.
     0 | D:1      | Reached XP level 1. HP: 15/15 MP: 3/3
    27 | D:1      | Reached skill level 1 in Fighting
   242 | D:1      | Reached skill level 2 in Fighting
   243 | D:1      | Reached XP level 2. HP: 19/24 MP: 4/4
   648 | D:2      | Found Merr's Distillery.
   759 | D:2      | Reached XP level 3. HP: 27/30 MP: 5/5
   863 | D:2      | Found Atewn's Antique Weapon Shoppe.
   904 | D:2      | Reached skill level 3 in Fighting
  1479 | D:2      | Bought a potion of heal wounds for 70 gold pieces
  1543 | D:3      | Noticed Sigmund
  1731 | D:4      | Noticed Grinder
  1787 | D:4      | Noticed Pikel
  1787 | D:4      | Noticed a lemure
  1787 | D:4      | Noticed a lemure
  2120 | D:4      | Reached XP level 4. HP: 20/40 MP: 6/6
  2122 | D:4      | Reached skill level 4 in Fighting
  2342 | D:4      | Found a staircase to the Ecumenical Temple.
  2369 | D:4      | Noticed an ogre
  2383 | D:4      | Demolished by an ogre

Illustrated notes

Levels and vault maps discovered:
D:1:      scummos_arrival_forest, layout_rooms
D:2:      layout_basic, serial_shops, nicolae_shop_pleasant_corner_grove, shop,
          hangedman_decor_push
D:3:      layout_basic, shapermc_ecumenical_altar_mp_highgroup, uniq_sigmund
D:4:      layout_loops_ring, minmay_temple_entry_steel_oval, uniq_ijyb,
          uniq_grinder, uniq_pikel

Skill      XL: |  1  2  3  4 |
---------------+-------------+-----
Fighting       | 2 3 4 |  4.5
Dodging        | |  1.7
Unarmed Combat | |  2.6
Shapeshifting  | |  2.6

Action                     |  1- 3 |  4- 6 || total
---------------------------+-------+-------++-------
  Melee: Unarmed           |    74 |       ||    74
         Trident           |    73 |    22 ||    95
         Punch             |     3 |       ||     3
  Throw: Dart              |       |     3 ||     3
   Stab: Sleeping          |     1 |     1 ||     2
 Armour: Animal skin       |    70 |    11 ||    81
  Dodge: Dodged            |    90 |    12 ||   102
